Map: Deathaura LE

Players

Stats - Winner!

  • Race: Protoss Protoss
  • Spawn Location: 11:00

seRRal

  • Race: Zerg Zerg
  • Spawn Location: 5:00

Event: StayAtHome Story Cup #3

VOD

Have the link to the VOD?

Description

Time

  • Played on: March 14, 2021, 4:35 p.m.
  • Length: 13:01

All games in this series

Show
View Real Time Build Order
Export as new Build Order

Stats Protoss - Winner!

Build Orders: 1 Gate Expand, Oracle Opening, Archon Immortal, Carriers 

Get SALT Encoding   

  12  0:00  Probe  
  13  0:12  Probe  
  14  0:19  Pylon  
  14  0:24  Probe  
  15  0:37  Probe (Chrono Boost)  
  15  0:42  Gateway  
  16  0:46  Probe (Chrono Boost)  
  17  0:51  Probe (Chrono Boost), Assimilator  
  18  1:03  Probe  
  19  1:15  Probe  
  20  1:26  Nexus  
  20  1:36  Cybernetics Core  
  20  1:38  Probe  
  21  1:46  Assimilator  
  21  1:50  Probe  
  22  1:55  Pylon  
  22  2:02  Probe  
  23  2:10  Adept (Chrono Boost)  
  23  2:14  Probe  
  26  2:20  Stargate  
  26  2:26  Probe  
  26  2:29  Warp Gate  
  27  2:34  Adept  
  29  2:39  Probe (Chrono Boost)  
  29  2:40  Probe (Chrono Boost)  
  31  2:49  Probe x2 (Chrono Boost)  
  33  2:53  Probe (Chrono Boost)  
  33  2:54  Probe (Chrono Boost)  
  35  3:00  Void Ray (Chrono Boost)  
  35  3:03  Adept  
  37  3:06  Probe x2  
  43  3:13  Pylon  
  43  3:18  Probe x2  
  45  3:26  Gateway  
  45  3:30  Probe  
  45  3:31  Probe  
  47  3:36  Oracle  
  48  3:42  Probe  
  48  3:43  Probe  
  50  3:51  Nexus  
  50  3:58  Probe (Chrono Boost), Pylon  
  50  4:01  Assimilator  
  50  4:02  Probe (Chrono Boost)  
  52  4:03  Assimilator  
  52  4:09  Probe (Chrono Boost)  
  53  4:11  Stargate  
  53  4:12  Probe (Chrono Boost)  
  53  4:15  Probe (Chrono Boost)  
  55  4:21  Pylon  
  55  4:22  Probe, Void Ray  
  56  4:27  Probe  
  61  4:34  Probe  
  62  4:39  Probe  
  63  4:47  Probe (Chrono Boost)  
  63  4:51  Probe (Chrono Boost), Void Ray, Pylon  
  65  4:53  Forge  
  65  4:54  Twilight Council  
  65  4:59  Probe (Chrono Boost)  
  70  5:01  Void Ray  
  70  5:05  Probe (Chrono Boost)  
  76  5:07  Probe (Chrono Boost)  
  76  5:09  Probe (Chrono Boost)  
  76  5:13  Probe (Chrono Boost), Shield Battery  
  79  5:15  Probe (Chrono Boost)  
  79  5:16  Probe (Chrono Boost)  
  79  5:19  Probe (Chrono Boost)  
  81  5:25  Protoss Ground Weapons Level 1 (Chrono Boost)  
  81  5:26  Probe x2 (Chrono Boost)  
  83  5:33  Charge, Robotics Facility  
  83  5:34  Probe (Chrono Boost)  
  84  5:37  Assimilator  
  84  5:38  Probe (Chrono Boost), Assimilator  
  86  5:43  Pylon  
  86  5:44  Probe (Chrono Boost)  
  86  5:45  Pylon  
  86  5:47  Probe (Chrono Boost)  
  86  5:48  Probe (Chrono Boost)  
  88  5:51  Probe (Chrono Boost)  
  88  5:52  Gateway x2  
  88  5:53  Templar Archives  
  88  5:54  Probe  
  88  5:56  Probe  
  91  5:58  Pylon  
  91  6:02  Pylon  
  91  6:11  Gateway x2  
  91  6:17  Gateway  
  91  6:18  Gateway  
  91  6:21  Observer (Chrono Boost)  
  91  6:23  Zealot x2  
  96  6:26  Photon Cannon  
  96  6:27  Shield Battery  
  96  6:29  Photon Cannon, Warp Prism (Chrono Boost)  
  98  6:42  Nexus  
  98  6:46  Probe  
  98  6:47  Probe x2  
  100  6:52  High Templar x4  
  108  6:56  Archon x2  
  108  6:58  Pylon  
  108  7:02  Immortal  
  108  7:07  Probe x3  
  115  7:12  Pylon, Zealot x4  
  123  7:24  Psionic Storm  
  123  7:25  High Templar  
  123  7:26  High Templar  
  123  7:27  Zealot x2  
  123  7:29  Shield Battery  
  131  7:30  Probe x3  
  131  7:33  Pylon  
  134  7:47  High Templar  
  134  7:48  Immortal  
  140  7:53  Shield Battery  
  140  7:55  Shield Battery  
  140  7:57  Photon Cannon x2  
  140  7:59  Photon Cannon  
  140  8:01  Assimilator  
  140  8:02  Probe  
  140  8:03  Probe x3  
  144  8:06  High Templar x2, Assimilator  
  144  8:08  High Templar  
  144  8:09  Photon Cannon  
  144  8:12  Protoss Ground Weapons Level 2 (Chrono Boost)  
  150  8:13  Photon Cannon  
  150  8:14  Shield Battery  
  150  8:15  Photon Cannon  
  150  8:16  Zealot  
  150  8:17  Photon Cannon  
  152  8:20  Probe  
  152  8:21  Probe x3  
  152  8:23  Protoss Air Weapons Level 1 (Chrono Boost)  
  156  8:34  Pylon x2  
  152  8:36  Pylon  
  152  8:48  Immortal  
  152  8:52  Fleet Beacon  
  156  8:56  Stargate  
  156  9:00  Photon Cannon  
  156  9:02  Shield Battery  
  156  9:03  Pylon  
  156  9:04  Pylon  
  156  9:05  Zealot x2  
  158  9:22  Shield Battery  
  156  9:24  Photon Cannon  
  156  9:26  Pylon  
  156  9:28  Stargate  
  156  9:30  Immortal (Chrono Boost)  
  172  9:39  Carrier (Chrono Boost)  
  172  9:45  Gateway  
  172  9:46  Gateway, Carrier (Chrono Boost)  
  172  9:49  Carrier (Chrono Boost)  
  178  9:59  Warp Prism (Chrono Boost)  
  178  10:05  Photon Cannon  
  180  10:07  Photon Cannon, Protoss Air Weapons Level 2 (Chrono Boost)  
  180  10:14  Carrier (Chrono Boost)  
  186  10:25  Carrier (Chrono Boost)  
  192  10:29  Carrier (Chrono Boost)  
  192  10:32  Carrier (Chrono Boost)  
  196  10:35  Protoss Shields Level 1 (Chrono Boost)  
  196  10:54  Nexus  
  196  10:55  Pylon  
  196  10:59  Zealot x3  
  196  11:16  Shield Battery  
  196  11:17  Shield Battery  
  192  11:19  Shield Battery  
  192  11:21  Photon Cannon, Zealot x4  
  192  11:22  Photon Cannon  
  192  11:23  Photon Cannon  
  192  11:25  Photon Cannon  
  188  11:34  Adept  
  188  11:43  High Templar x5  
  188  11:44  High Templar  
  200  11:48  Archon x3  
  200  11:51  Assimilator  
  200  11:52  Assimilator  
  200  12:13  Observer  
  194  12:27  Zealot x3  
Show
View Real Time Build Order
Export as new Build Order

seRRal Zerg 

Build Orders: Hatch First 

Get SALT Encoding   

  12  0:00  Drone  
  13  0:11  Overlord  
  13  0:16  Drone  
  14  0:30  Drone  
  15  0:39  Drone  
  16  0:47  Hatchery  
  15  0:51  Drone  
  15  0:55  Drone  
  17  0:58  Drone  
  18  1:09  Extractor  
  17  1:14  Spawning Pool  
  17  1:18  Drone  
  17  1:20  Drone  
  18  1:27  Drone  
  19  1:38  Drone  
  20  1:48  Overlord  
  20  2:01  Queen x2  
  20  2:03  Zergling x4  
  26  2:10  Metabolic Boost  
  26  2:11  Drone  
  26  2:14  Drone  
  28  2:20  Drone  
  28  2:21  Drone  
  30  2:31  Drone  
  30  2:33  Drone  
  32  2:42  Hatchery  
  31  2:46  Queen  
  31  2:51  Overlord  
  33  2:53  Drone  
  33  2:55  Drone  
  34  3:03  Drone  
  35  3:09  Zergling x2  
  35  3:10  Zergling x2  
  35  3:12  Drone x3  
  40  3:14  Queen  
  40  3:19  Overlord  
  42  3:20  Drone  
  42  3:37  Queen  
  42  3:38  Drone, Overlord  
  42  3:39  Drone x2  
  47  3:48  Zergling x2  
  48  3:49  Drone x3  
  48  3:53  Spore Crawler  
  48  3:54  Spore Crawler  
  48  3:55  Queen  
  51  3:57  Drone x3  
  51  4:01  Zergling x2  
  51  4:02  Overlord  
  55  4:04  Drone  
  55  4:06  Drone  
  58  4:10  Drone  
  58  4:16  Drone x4  
  62  4:18  Pneumatized Carapace  
  62  4:24  Roach Warren  
  62  4:25  Zergling x2  
  62  4:28  Overlord  
  62  4:29  Drone  
  63  4:31  Zergling x2  
  63  4:34  Drone  
  63  4:35  Drone  
  66  4:38  Drone, Extractor  
  66  4:39  Extractor  
  66  4:40  Drone  
  66  4:42  Spore Crawler  
  66  4:44  Extractor  
  61  4:46  Drone  
  61  4:48  Drone x3  
  61  4:49  Drone  
  61  4:50  Drone x2  
  69  4:54  Lair  
  69  4:56  Drone  
  70  5:00  Drone x3  
  70  5:02  Overlord  
  73  5:09  Extractor  
  73  5:10  Extractor  
  73  5:11  Drone x2, Overlord  
  73  5:16  Overlord  
  70  5:22  Drone x2  
  70  5:23  Drone, Evolution Chamber  
  70  5:24  Drone x5  
  70  5:25  Drone x2  
  77  5:30  Drone  
  77  5:32  Queen  
  77  5:35  Drone  
  81  5:38  Drone x2  
  81  5:40  Extractor  
  82  5:46  Queen  
  82  5:47  Drone x2  
  86  5:50  Zerg Missile Weapons Level 1  
  86  5:51  Drone x5  
  86  5:55  Hydralisk Den  
  90  5:58  Overseer  
  90  6:02  Hatchery  
  89  6:04  Spore Crawler  
  89  6:09  Drone  
  89  6:13  Drone x3  
  89  6:14  Baneling Nest  
  89  6:16  Drone x3  
  94  6:20  Drone x3  
  94  6:23  Overlord  
  97  6:26  Overlord  
  97  6:29  Muscular Augments  
  97  6:32  Overlord  
  97  6:34  Overlord  
  97  6:35  Infestation Pit  
  97  6:37  Overlord  
  96  6:46  Drone x3  
  96  6:47  Drone x3  
  100  6:49  Overlord  
  100  6:50  Overseer  
  100  6:51  Hydralisk x2  
  106  6:58  Hydralisk x4  
  114  7:03  Hydralisk x2  
  114  7:05  Centrifical Hooks  
  118  7:09  Hydralisk x2  
  118  7:14  Hydralisk x2  
  126  7:15  Hydralisk  
  126  7:19  Baneling x7  
  126  7:22  Hydralisk x2  
  127  7:26  Hydralisk x2  
  135  7:34  Overlord  
  135  7:35  Overlord  
  135  7:36  Overlord  
  135  7:37  Overlord  
  135  7:38  Overlord  
  135  7:39  Overlord  
  135  7:45  Overlord x2  
  135  7:46  Hive  
  135  7:48  Overseer  
  135  7:51  Grooved Spines, Zerg Melee Weapons Level 1  
  135  7:52  Evolution Chamber  
  135  7:53  Drone  
  135  7:54  Zergling x12  
  141  8:02  Drone  
  141  8:03  Extractor  
  141  8:04  Extractor, Drone x3  
  141  8:05  Drone  
  144  8:06  Drone x2  
  144  8:09  Drone x2  
  144  8:11  Zergling x4  
  144  8:12  Zergling x4  
  152  8:18  Zerg Ground Armor Level 1  
  152  8:20  Zergling x12  
  152  8:24  Drone  
  158  8:27  Overlord  
  158  8:31  Zergling x16  
  165  8:40  Hatchery, Overlord  
  163  8:44  Spire  
  163  8:45  Spire  
  163  8:47  Drone x8  
  170  8:48  Drone  
  170  8:58  Spine Crawler x2  
  168  9:03  Overlord  
  168  9:06  Viper x3  
  168  9:09  Ultralisk Cavern  
  176  9:10  Overlord  
  176  9:11  Extractor, Overlord  
  176  9:12  Extractor, Overseer  
  176  9:17  Zergling x6  
  174  9:19  Overseer, Overlord  
  174  9:32  Overlord  
  174  9:38  Overlord  
  174  9:51  Spire  
  173  9:54  Drone x4  
  173  9:57  Spore Crawler  
  173  9:59  Greater Spire, Spore Crawler x2  
  174  10:00  Zerg Flyer Weapons Level 1  
  174  10:01  Adrenal Glands, Chitinous Plating  
  174  10:02  Ultralisk x2  
  174  10:04  Ultralisk  
  193  10:08  Drone x2  
  193  10:09  Drone x2  
  193  10:10  Spine Crawler  
  196  10:17  Hatchery  
  195  10:21  Overseer, Corruptor x2  
  195  10:27  Spine Crawler  
  198  10:32  Spore Crawler  
  198  10:33  Spore Crawler  
  198  10:34  Spore Crawler, Corruptor x2  
  198  10:35  Corruptor  
  200  10:40  Spore Crawler  
  200  10:41  Spore Crawler  
  197  11:09  Spore Crawler x3  
  193  11:12  Brood Lord  
  193  11:13  Brood Lord x2  
  193  11:15  Corruptor  
  199  11:19  Anabolic Synthesis  
  198  11:30  Corruptor  
  199  11:36  Corruptor  
  199  11:37  Corruptor x4  
  197  11:45  Drone x3  
  197  11:46  Spore Crawler  
  199  11:47  Spore Crawler  
  199  11:50  Spore Crawler  
  199  11:51  Spore Crawler  
  199  11:53  Spore Crawler  
  195  11:56  Overseer x2  
  195  11:57  Pathogen Glands  
  195  12:01  Spore Crawler x2  
  193  12:02  Spore Crawler, Corruptor x3  
  198  12:09  Extractor  
  198  12:10  Extractor, Spore Crawler  
  184  12:26  Corruptor x9  
  174  12:41  Zergling x14  
Tags
 
Add a new tag
Caveats
  • Supply blocks, unpowered buildings, or Contaminate may cause inaccurate times.
  • Supply counts are checked every 10 seconds.